 Dungeon Crawl Stone Soup version 0.29-a0-43-g62a80824bf (webtiles) character file.

Game seed: 18442686121901071186

135276 frimble the Frost Mage (level 16, -15/127 HPs)
             Began as a Demonspawn Ice Elementalist on Feb 3, 2022.
             Was the Champion of Cheibriados.
             Demolished by a +3 long sword of freezing (21 damage)
             ... on level 1 of the Elven Halls.
             The game lasted 00:53:42 (33992 turns).

frimble the Frost Mage (DsIE)                      Turns: 33992, Time: 00:53:43

Health: -15/127    AC: 16    Str: 26    XL:     16   Next: 64%
Magic:  22/25      EV: 20    Int: 42    God:    Cheibriados [******]
Gold:   2971       SH:  4    Dex: 30    Spells: 3/19 levels left

rFire   + . .      SeeInvis .   Q - +4 short sword (vamp)
rCold   + . .      Faith    .   (no shield)
rNeg    + + .      Spirit   .   W - +1 troll leather armour
rPois   +          Reflect  .   (helmet unavailable)
rElec   .          Harm     .   J - scarf {rC+ rF+}
rCorr   .          Rampage  .   h - +1 pair of gloves "Qecwupi" {rN+}
Will    +....                   w - +0 pair of boots
Stlth   +++++.....              c - amulet of the acrobat
HPRegen 1.11/turn               i - ring of positive energy
MPRegen 0.19/turn               F - +6 ring of intelligence

@: freezing walls, studying Throwing, very slow
A: horns 3, slimy green scales 3, icemail 1, condensation shield, demonic magic
2
a: Renounce Religion, Bend Time, Temporal Distortion, Slouch, Step From Time


You were on level 1 of the Elven Halls.
You worshipped Cheibriados.
Cheibriados was exalted by your worship.
You visited 5 branches of the dungeon, and saw 25 of its levels.
You also visited: Bailey and Gauntlet.

You collected 3013 gold pieces.
You spent 42 gold pieces at shops.

Inventory:

Hand Weapons
 Q - a +4 vampiric short sword (weapon)
Missiles
 o - 15 boomerangs (quivered)
 T - 2 throwing nets
 X - 5 javelins
Armour
 h - the +1 pair of gloves "Qecwupi" (worn) {rN+}
   (You found it on level 5 of the Lair of Beasts)

   rN:        It protects you from negative energy.
 w - a +0 pair of boots (worn)
 J - a scarf of resistance (worn)
 W - a +1 troll leather armour (worn)
Jewellery
 a - the ring of the Sky {rN++ Int+6 Slay-5 SInv}
   (You found it in a Gauntlet)

   [ring of intelligence]

   Int:       It affects your intelligence (+6).
   Slay:      It affects your accuracy & damage with ranged weapons and melee
   (-5).
   rN:        It greatly protects you from negative energy.
   SInv:      It lets you see invisible.
 c - an amulet of the acrobat (around neck)
 e - a ring of fire
 i - a ring of positive energy (left hand)
 n - a ring of wizardry
 t - an amulet of magic regeneration
 F - a +6 ring of intelligence (right hand)
 M - a +4 ring of protection
Wands
 m - a wand of acid (1)
 q - a wand of charming (10)
 r - a wand of polymorph (23)
 D - a wand of iceblast (27)
 G - a wand of mindburst (8)
 K - a wand of digging (6)
 N - a wand of paralysis (3)
 O - a wand of flame (35)
Scrolls
 k - a scroll of fear
 y - 5 scrolls of enchant weapon
 C - 12 scrolls of teleportation
 H - 2 scrolls of blinking
 I - 2 scrolls of fog
 L - a scroll of silence
 S - a scroll of magic mapping
 U - 2 scrolls of immolation
 V - 7 scrolls of identify
Potions
 b - 4 potions of heal wounds
 d - 3 potions of degeneration
 g - 10 potions of curing
 j - 5 potions of might
 l - a potion of ambrosia
 p - 2 potions of lignification
 s - 3 potions of invisibility
 u - 2 potions of cancellation
 v - a potion of berserk rage
 x - 7 potions of brilliance {unknown}
 z - 6 potions of mutation
 A - 3 potions of haste
 B - 8 potions of flight {unknown}
 E - 2 potions of magic
 P - 4 potions of attraction {unknown}
Miscellaneous
 f - a box of beasts
 R - a condenser vane (inert)


   Skills:
 - Level 12.1 Fighting
 - Level 12.2 Short Blades
 - Level 8.2 Dodging
 - Level 9.1 Stealth
 - Level 2.0 Spellcasting
 + Level 5.8 Transmutations
 - Level 13.7 Ice Magic
 + Level 5.8 Earth Magic
 - Level 12.1 Invocations
 - Level 11.2 Evocations


You had 3 spell levels left.
You knew the following spells:

 Your Spells              Type           Power      Damage    Failure   Level
a - Freeze                Ice            100%       1d11      0%          1
b - Ozocubu's Armour      Ice            88%        N/A       1%          3
c - Frozen Ramparts       Ice            100%       1d12      1%          3
d - Apportation           Tloc           8%         N/A       4%          1
e - Blink                 Tloc           8%         N/A       6%          2
f - Statue Form           Tmut/Erth      34%        N/A       50%         6

Your spell library contained the following spells:

 Spells                   Type           Power      Damage    Failure   Level
 Sting                    Tmut/Pois      100%       1d8       1%          1
 Stone Arrow              Conj/Erth      56%        3d10      3%          3
 Slow                     Hex            16%        N/A       4%          1
 Poisonous Vapours        Pois/Air       8%         N/A       6%          2
 Scorch                   Fire           8%         2d5       6%          2
 Static Discharge         Conj/Air       4%         N/A       6%          2
 Confusing Touch          Hex            4%         N/A       12%         3
 Dazzling Flash           Conj/Hex       8%         N/A       12%         3
 Inner Flame              Hex/Fire       4%         N/A       12%         3
 Lesser Beckoning         Tloc           4%         N/A       12%         3
 Vampiric Draining        Necr           4%         2d6       12%         3
 Hailstorm                Conj/Ice       58%        3d13      2%          4
 Metabolic Englaciation   Hex/Ice        29%        N/A       7%          5
 Lee's Rapid Deconstruct  Erth           26%        3d15*     10%         5
 Animate Armour           Summ/Erth      56%        N/A       12%         4
 Leda's Liquefaction      Hex/Erth       14%        N/A       12%         4
 Alistair's Intoxication  Tmut/Pois      18%        N/A       34%         5
 Cause Fear               Hex            2%         N/A       36%         4
 Dispel Undead            Necr           4%         3d7       36%         4
 Flame Wave               Conj/Fire      4%         2d5       36%         4
 Iskenderun's Mystic Bla  Conj/Tloc      4%         2d3       36%         4
 Olgreb's Toxic Radiance  Pois           4%         N/A       36%         4
 Sticky Flame             Conj/Fire      4%         2d3       36%         4
 Manifold Assault         Tloc           4%         N/A       73%         5
 Starburst                Conj/Fire      2%         6d3       99%         6
 Summon Cactus Giant      Summ           2%         N/A       99%         6
 Haunt                    Necr/Summ      2%         N/A       100%        7
 Discord                  Hex            2%         N/A       100%        8
 Lehudib's Crystal Spear  Conj/Erth      14%        10d5      100%        8


Dungeon Overview and Level Annotations

Branches:
Dungeon (15/15)            Temple (1/1) D:5            Lair (6/6) D:9
  Swamp (0/4) Lair:3       Spider (0/4) Lair:4        Slime (0/5) Lair:6
    Orc (2/2) D:12            Elf (1/3) Orc:2        Vaults (0/5) D:13
 Depths (0/4) D:15         Bailey (visited)         Gauntlet (visited)

Altars:
Ashenzari
Cheibriados
Dithmenos
Elyvilon
Fedhas
Gozag
Hepliaklqana
Kikubaaqudgha
Makhleb
Nemelex Xobeh
Okawaru
Qazlal
Ru
Sif Muna
Trog
Uskayaw
Vehumet
Wu Jian
Xom
Yredelemnul
Zin
The Shining One

Shops:
D:1 (   D:4 :   Orc:2 (**[

Annotations:
D:2 1 runed translucent door, Crazy Yiuf
Lair:1 2 exclusions


Innate Abilities, Weirdness & Mutations

You have a pair of large horns on your head.
You are completely covered in slimy green scales. (AC +4, rPois)
A meltable icy envelope protects you from harm. (AC +4)
A meltable shield of frost defends you. (SH +4)
Spells you cast may paralyse nearby enemies.


Message History

The +3 long sword of freezing hits you!
The +3 long sword of freezing freezes you.
The deep elf archer is engulfed in poison gas.
The deep elf archer looks as sick as possible!
The deep elf archer resists.
The wall freezes the deep elf archer.
The deep elf zephyrmancer gestures at you while chanting.
The bolt of lightning hits you!!
The deep elf archer is engulfed in poison gas.
The deep elf archer looks as sick as possible!
The wall freezes the deep elf archer.
The helpless deep elf archer fails to defend itself.
You skewer the deep elf archer like a kebab!!!!
You feel better.
You kill the deep elf archer!
The +3 long sword of freezing completely resists.
The wall freezes the +3 long sword of freezing but does no damage.
The +3 long sword of freezing hits you but does no damage.
You closely miss the deep elf archer. You headbutt the deep elf archer.
The deep elf archer is severely wounded.
The +3 long sword of freezing resists.
The wall freezes the +3 long sword of freezing.
The +3 long sword of freezing hits you!!
The +3 long sword of freezing freezes you.
The deep elf zephyrmancer mumbles some strange words.
The deep elf zephyrmancer blinks!
The deep elf archer is engulfed in poison gas.
The deep elf archer looks as sick as possible!
The deep elf archer casts a spell at you.
You resist with some effort.
The deep elf archer unwields a +0 short sword.
The deep elf archer wields a +0 longbow.
The deep elf archer shoots an arrow.
The arrow hits you!!
* * * LOW HITPOINT WARNING * * *
You barely miss the deep elf archer. You headbutt the deep elf archer.
You kill the deep elf archer!
Cheibriados thoroughly appreciates the change of pace.
The +3 long sword of freezing completely resists.
The wall freezes the +3 long sword of freezing but does no damage.
The +3 long sword of freezing hits you!!
You die...

#..# .##.#####.####
##...## #####
#+#########'##
#.#.!$##.....#
#.#)[(#..#...##
+#.#e..#.###...##
####'.§####..#......
+.........))^.......
####'.'####......#..
#§§@#.#'..###.).###.
#§§(#.#)(/# ##)))# .
#e§§#.#.[$# #.....#
#####+##### ##'####
... ###.# .# .# .#


You could see a deep elf archer (repels missiles, very poisoned), a deep elf
zephyrmancer (extremely poisoned) and a +3 long sword of freezing.

Vanquished Creatures
  Frances (D:12)
  Kirke (D:12)
  An orc warlord (Bailey)
  A deep elf annihilator (Elf:1)
  A minotaur (Gauntlet)
  Snorg (D:12)
  2 fire dragons
  Josephine (D:11)
  A catoblepas (Lair:5)
  2 centaur warriors
  9 hydras
  4 boulder beetles
  A death knight (D:12)
  2 two-headed ogres
  5 dancing weapons (Elf:1)
  A tengu warrior (D:15)
  2 death scarabs (Gauntlet)
  3 orc high priests
  20 death yaks
  7 skeletal warriors (D:15)
  A wretched star (Gauntlet)
  2 deep elf knights (Elf:1)
  2 spectral death yaks (Gauntlet)
  A swamp dragon (Lair:6)
  4 deep elf archers (Elf:1)
  7 deep elf zephyrmancers (Elf:1)
  2 necromancers (D:13)
  4 orc knights
  2 cyclopes
  2 lindwurms
  10 deep elf pyromancers
  8 manticores
  A wolf spider (Lair:6)
  18 ugly things (D:14)
  An orc sorcerer (Orc:1)
  10 elephants
  10 black mambas
  22 cane toads
  A guardian serpent (Lair:6)
  4 gargoyles
  2 torpor snails
  A yaktaur (D:15)
  A minotaur zombie (Gauntlet)
  2 rime drakes
  An efreet (D:13)
  12 komodo dragons
  4 meliai
  2 tengu conjurers (D:11)
  3 hornets (Lair:6)
  6 polar bears
  8 trolls
  12 slime creatures
  19 blink frogs
  A meliai zombie (D:11)
  4 shadows
  A jumping spider (Lair:4)
  18 wyverns
  6 wraiths
  A water elemental (D:14)
  Eustachio (D:4)
  A vampire (D:11)
  53 yaks
  Grum (D:8)
  5 basilisks
  A fire elemental (Elf:1)
  2 redbacks (Lair:6)
  4 steam dragons
  3 hogs (D:12)
  2 neqoxecs (Gauntlet)
  7 wargs
  4 acid dragons
  5 vampire mosquitoes (D:12)
  23 water moccasins
  Duvessa (D:6)
  A swamp drake (Lair:6)
  50 orc warriors
  A sky beast (D:7)
  An ice beast (D:8)
  3 black bears
  4 ogres
  32 wolves
  16 centaurs
  A phantom (D:5)
  A kobold brigand (D:11)
  12 bullfrogs
  A scorpion (D:6)
  Dowan (D:6)
  4 killer bees (D:9)
  An electric eel (Lair:2)
  3 howler monkeys (D:12)
  3 centaur zombies
  10 orc priests
  5 hounds (Lair:2)
  3 jellies
  A gnoll shaman (D:9)
  A centaur skeleton (D:6)
  7 iguanas
  23 orc wizards
  2 hell rats (D:9)
  3 killer bee zombies
  A hound skeleton (D:4)
  6 gnolls
  A howler monkey skeleton (D:7)
  9 adders
  A shadow imp (D:5)
  A white imp (D:6)
  A worm (D:2)
  4 dart slugs
  85 orcs
  11 ball pythons
  8 endoplasms
  5 giant cockroaches
  16 hobgoblins
  9 quokkas
  10 bats
  2 frilled lizards
  20 goblins
  10 kobolds
  7 rats
792 creatures vanquished.

Vanquished Creatures (collateral kills)
  A skeletal warrior (D:15)
  A cyclops (D:15)
  An orc (Orc:1)
  A goblin (Bailey)
4 creatures vanquished.

Vanquished Creatures (others)
  2 orc knights
  An air elemental (Elf:1)
  A neqoxec (Gauntlet)
  2 orc warriors
  An ogre (Orc:1)
  2 orcs (Orc:2)
  54 fungi
  98 plants
  32 withered plants (Gauntlet)
193 creatures vanquished.

Grand Total: 989 creatures vanquished

Notes
Turn   | Place    | Note
-------+----------+-------------------------------------------
     0 | D:1      | frimble the Demonspawn Ice Elementalist began the quest for
                  | the Orb.
     0 | D:1      | Reached XP level 1. HP: 13/13 MP: 3/3
   109 | D:1      | Reached skill level 4 in Ice Magic
   109 | D:1      | Gained mutation: A meltable shield of frost defends you.
                  | (SH +4) [demonic ancestry]
   109 | D:1      | Reached XP level 2. HP: 12/19 MP: 0/5
   611 | D:1      | Reached skill level 1 in Short Blades
   742 | D:1      | Gained mutation: You have a pair of small horns on your
                  | head. [demonic ancestry]
   742 | D:1      | Reached XP level 3. HP: 24/24 MP: 6/6
  1181 | D:1      | Found a faded altar of an unknown god.
  1542 | D:2      | Learned a level 3 spell: Ozocubu's Armour
  1577 | D:2      | Gained mutation: You are partially covered in slimy green
                  | scales. (AC +2) [demonic ancestry]
  1577 | D:2      | Reached XP level 4. HP: 30/30 MP: 7/7
  1868 | D:2      | Got the Disquisition on the Supportive Snowflakes
  2013 | D:2      | Found a runed translucent door.
  2014 | D:2      | Noticed Crazy Yiuf
  2086 | D:2      | Learned a level 3 spell: Frozen Ramparts
  2909 | D:4      | Found Urusmam's Book Shop.
  2926 | D:4      | Gained mutation: A meltable icy envelope protects you from
                  | harm. (AC +4) [demonic ancestry]
  2926 | D:4      | Reached XP level 5. HP: 28/35 MP: 8/8
  3619 | D:5      | Entered Level 5 of the Dungeon
  3619 | D:5      | Noticed Eustachio
  3651 | D:4      | Killed Eustachio
  3652 | D:4      | Reached skill level 5 in Ice Magic
  3652 | D:4      | Reached XP level 6. HP: 29/41 MP: 4/9
  4270 | D:5      | Reached XP level 7. HP: 46/46 MP: 10/10
  4912 | D:5      | Found a staircase to the Ecumenical Temple.
  5075 | Temple   | Entered the Ecumenical Temple
  5401 | D:6      | Reached skill level 6 in Ice Magic
  5574 | D:6      | Reached XP level 8. HP: 47/52 MP: 11/11
  5788 | D:6      | Noticed Dowan
  5831 | D:6      | Killed Dowan
  5923 | D:6      | Noticed Duvessa
  5933 | D:6      | Killed Duvessa
  6389 | D:6      | Reached skill level 5 in Stealth
  6694 | D:7      | Reached skill level 1 in Fighting
  6699 | D:7      | Reached skill level 5 in Short Blades
  6710 | D:7      | Reached skill level 7 in Ice Magic
  6850 | D:7      | Gained mutation: You are mostly covered in slimy green
                  | scales. (AC +3) [demonic ancestry]
  6850 | D:7      | Reached XP level 9. HP: 63/63 MP: 12/12
  7750 | D:8      | Noticed Grum
  7771 | D:8      | Killed Grum
  8120 | D:8      | Reached skill level 5 in Fighting
  8120 | D:8      | Reached skill level 8 in Ice Magic
  8826 | D:9      | Found a flagged portal.
  8846 | Bailey   | Entered a bailey
  8989 | Bailey   | Reached skill level 1 in Evocations
  8989 | Bailey   | Gained mutation: You are completely covered in slimy green
                  | scales. (AC +4, rPois) [demonic ancestry]
  8989 | Bailey   | Reached XP level 10. HP: 74/74 MP: 13/13
  9148 | Bailey   | Noticed an orc knight
  9179 | Bailey   | Killed an orc knight
  9503 | Bailey   | Noticed an orc knight
  9523 | Bailey   | Killed an orc knight
  9725 | Bailey   | Noticed an orc knight
  9725 | Bailey   | Noticed an orc warlord
  9743 | Bailey   | Killed an orc warlord
  9744 | Bailey   | Reached skill level 9 in Ice Magic
  9958 | Bailey   | Reached skill level 10 in Fighting
  9958 | Bailey   | Gained mutation: Spells you cast may paralyse adjacent
                  | enemies. [demonic ancestry]
  9958 | Bailey   | Reached XP level 11. HP: 92/92 MP: 14/14
 10053 | D:9      | Found a shimmering altar of Xom.
 10055 | D:9      | Noticed a two-headed ogre
 10075 | D:9      | Killed a two-headed ogre
 10483 | D:9      | Noticed a death yak
 10488 | D:9      | Noticed a death yak
 10499 | D:9      | Noticed a death yak
 10501 | D:9      | Killed a death yak
 10735 | D:10     | Entered Level 10 of the Dungeon
 10752 | D:10     | Reached skill level 5 in Evocations
 10903 | D:10     | Noticed a deep elf pyromancer
 10914 | D:10     | Killed a deep elf pyromancer
 11082 | D:10     | Reached XP level 12. HP: 55/99 MP: 7/15
 11513 | D:10     | Reached skill level 10 in Ice Magic
 11648 | D:10     | Found a snail-covered altar of Cheibriados.
 12382 | D:11     | Noticed Josephine
 12414 | D:11     | Killed Josephine
 13344 | D:11     | Noticed a six-headed hydra
 13350 | D:11     | Killed a six-headed hydra
 13791 | D:9      | Found a staircase to the Lair.
 13810 | D:9      | Killed a death yak
 13820 | D:9      | Killed a death yak
 14364 | D:10     | Became a worshipper of Cheibriados the Contemplative
 14432 | Lair:1   | Entered Level 1 of the Lair of Beasts
 14516 | Lair:1   | Reached skill level 10 in Short Blades
 14562 | Lair:1   | Noticed a seven-headed hydra
 14570 | Lair:1   | Killed a seven-headed hydra
 14589 | Lair:1   | Reached skill level 11 in Ice Magic
 14608 | Lair:1   | Noticed a six-headed hydra
 14621 | Lair:1   | Killed a six-headed hydra
 15351 | Lair:1   | Reached * piety under Cheibriados
 15369 | Lair:1   | Reached XP level 13. HP: 47/104 MP: 7/16
 15651 | Lair:1   | You fall into a shaft and drop 1 floor!
 15672 | Lair:2   | Reached skill level 1 in Invocations
 16991 | Lair:2   | Reached ** piety under Cheibriados
 18197 | Lair:3   | Found a staircase to the Swamp.
 18249 | Lair:3   | Reached skill level 5 in Dodging
 18293 | Lair:3   | Reached *** piety under Cheibriados
 18321 | Lair:3   | Reached skill level 5 in Invocations
 18782 | Lair:3   | Reached skill level 12 in Ice Magic
 20150 | Lair:4   | Found a hole to the Spider Nest.
 20838 | Lair:4   | Reached **** piety under Cheibriados
 20843 | Lair:4   | Gained mutation: You have a pair of horns on your head.
                  | [demonic ancestry]
 20843 | Lair:4   | Reached XP level 14. HP: 85/111 MP: 7/18
 21319 | Lair:5   | Found a shimmering blue altar of Sif Muna.
 23188 | Lair:5   | Identified the +1 pair of gloves "Qecwupi" {rN+}
 23219 | Lair:5   | Reached skill level 10 in Evocations
 23342 | Lair:5   | Reached ***** piety under Cheibriados
 24109 | Lair:6   | Entered Level 6 of the Lair of Beasts
 25039 | Lair:6   | Found a staircase to the Slime Pits.
 25644 | Lair:6   | Gained mutation: You have a pair of large horns on your
                  | head. [demonic ancestry]
 25644 | Lair:6   | Reached XP level 15. HP: 117/117 MP: 21/21
 26053 | Lair:6   | Reached skill level 13 in Ice Magic
 26845 | Lair:6   | Identified a scroll of acquirement
 26845 | Lair:6   | Acquired 575 gold pieces
 27495 | D:12     | Noticed Frances
 27500 | D:12     | Killed Frances
 27652 | D:12     | Noticed Snorg
 27652 | D:12     | Noticed Kirke
 27658 | D:12     | Noticed a sphinx
 27673 | D:12     | Killed Snorg
 27683 | D:12     | Killed Kirke
 27683 | D:12     | Reached ****** piety under Cheibriados
 28163 | D:12     | Found a staircase to the Orcish Mines.
 28605 | D:12     | Learned a level 1 spell: Apportation
 28608 | D:12     | Learned a level 2 spell: Blink
 28820 | D:13     | HP: 4/118 [centaur warrior/arrow (11)]
 29268 | D:13     | Found a gate to the Vaults.
 29280 | D:13     | Reached skill level 10 in Invocations
 29981 | D:14     | Learned a level 6 spell: Statue Form
 30247 | D:14     | Reached skill level 1 in Earth Magic
 30259 | D:14     | Reached skill level 1 in Transmutations
 30834 | D:15     | Entered Level 15 of the Dungeon
 30857 | D:15     | Found a gate leading to a gauntlet.
 30872 | Gauntlet | Entered a Gauntlet
 30872 | Gauntlet | Found a transporter.
 30872 | Gauntlet | Found a transporter.
 30873 | Gauntlet | Found a transporter.
 30876 | Gauntlet | Found a transporter.
 30886 | Gauntlet | Found a transporter.
 30891 | Gauntlet | Found a transporter.
 30899 | Gauntlet | Found a transporter.
 30907 | Gauntlet | Found a transporter.
 30924 | Gauntlet | Found a transporter.
 30932 | Gauntlet | Found a transporter.
 30949 | Gauntlet | Found a transporter.
 31028 | Gauntlet | Found a transporter.
 31217 | Gauntlet | Identified the ring of the Sky {rN++ Int+6 Slay-5 SInv}
 31350 | D:15     | Gained mutation: Spells you cast may paralyse nearby
                  | enemies. [demonic ancestry]
 31350 | D:15     | Reached XP level 16. HP: 127/127 MP: 20/24
 31715 | D:15     | Found a staircase to the Depths.
 31877 | Orc:1    | Entered Level 1 of the Orcish Mines
 32023 | Orc:2    | Entered Level 2 of the Orcish Mines
 32831 | Orc:2    | Found Giatsets's General Store.
 32831 | Orc:2    | Found Xuph's Assorted Antiques.
 33016 | Orc:2    | Found a staircase to the Elven Halls.
 33136 | Orc:2    | Found Yjeximou's Antique Weapon Shop.
 33138 | Orc:2    | Found Seroneb's Armour Shoppe.
 33142 | Orc:2    | Bought a potion of curing for 42 gold pieces
 33483 | Elf:1    | Entered Level 1 of the Elven Halls
 33511 | Elf:1    | Found a shimmering blue altar of Sif Muna.
 33601 | Elf:1    | Paralysed by an air elemental for 1 turns
 33629 | Elf:1    | Reached skill level 5 in Earth Magic
 33671 | Elf:1    | Reached skill level 5 in Transmutations
 33991 | Elf:1    | HP: 6/127 [deep elf archer/arrow (33)]
 33992 | Elf:1    | Demolished by a +3 long sword of freezing

Illustrated notes

Levels and vault maps discovered:
D:1:      dpeg_arrival_pits, layout_rooms, serial_shops, shop_fountains,
          shapermc_ecumenical_altar_mp_vishouse, st_stairs_8,
          serial_bayou_pond_a, minmay_octomino_c4
D:2:      layout_basic, serial_curves, eino_curves_02, eino_curves_03,
          kennysheep_generic_room_7, uniq_crazy_yiuf_cottage
D:3:      layout_basic
D:4:      layout_basic, serial_shops, nicolae_square_shop
D:5:      layout_layer_cave, minmay_temple_entry_nine_rooms,
          kennysheep_generic_room_14, uniq_eustachio
D:6:      layout_basic, minivault_14, kennysheep_donut, uniq_duvessa
D:7:      layout_basic, dk_vineyard_2, minmay_manual_mail
D:8:      layout_basic, mainiacjoe_overflow_alcove_4,
          chequers_serial_rivers_room_b, minmay_between, uniq_grum
D:9:      layout_loops_ring, mainiacjoe_overflow_paths, dpeg_lair_monsters,
          enter_bailey_5
D:10:     layout_loops_cross, chequers_temple_overflow_statue_of_worship,
          minmay_microvault
D:11:     layout_stronghold, uniq_josephine
D:12:     layout_roguey, david_orc_1_choice, uniq_snorg, uniq_frances,
          uniq_kirke
D:13:     layout_small_grid, david_vaults_1
D:14:     layout_roguey, serial_bayou_lagoon_a
D:15:     grunt_enter_depths_giant_problem, layout_rooms,
          gauntlet_entry_generic, eino_small_chamber_without_monster
Temple:   mainiacjoe_temple_coin_purse
Lair:1:   layout_chaotic_city, infiniplex_staircase_pool_2, serial_bayou_shore_a
Lair:2:   beast_lair_carwin_large_4, layout_gridlike,
          nicolae_quartered_pool_little, hibernation_bobbens
Lair:3:   layout_layer_cave, swamp_mist, enter_volcano_2
Lair:4:   layout_misc_corridors, spider_nest_entry_rubble,
          chequers_serial_rivers_small_3, fungi_pond_lemuel
Lair:5:   layout_gridlike, basic_altar, minmay_shattered_shrine,
          serial_bayou_shore_b
Lair:6:   hangedman_lair_tendril_chambers, layout_misc_corridors,
          guppyfry_lair_end_dragon, minmay_slime_entry_pillars
Orc:1:    layout_caves
Orc:2:    st_orc_rangers, layout_caves
Elf:1:    minmay_the_grid_3x2 [minmay_the_grid_fan, minmay_the_grid_rooms,
          minmay_the_grid_outer_diamond, minmay_the_grid_spikes,
          minmay_the_grid_eight, minmay_the_grid_prize_four_corners],
          layout_geoelf_octagon, basic_altar, evilmike_minifort, minivault_15,
          nicolae_elf_stone_circles

Skill      XL: |  1  2  3  4  5  6  7  8  9 10 11 12 13 14 15 16 |
---------------+-------------------------------------------------+-----
Ice Magic      | 4 5 6 7 8 9 11 12 13 | 13.7
Short Blades   | 1 2 3 4 5 7 8 10 11 12 | 12.2
Stealth        | 2 3 4 5 6 8 9 |  9.1
Dodging        | 2 3 4 5 7 8 |  8.2
Fighting       | 3 5 10 11 12 | 12.1
Evocations     | 1 4 5 8 9 10 11 | 11.2
Invocations    | 6 8 11 12 | 12.1
Earth Magic    | 2 5 |  5.8
Transmutations | 2 5 |  5.8
Spellcasting   | |  2.0

Action                   |  1- 3 |  4- 6 |  7- 9 | 10-12 | 13-15 | 16-18 || total
-------------------------+-------+-------+-------+-------+-------+-------++-------
Melee: Unarmed           |     4 |       |    10 |       |       |       ||    14
       Dagger            |    68 |   135 |   247 |   594 |   653 |       ||  1697
       Headbutt          |     6 |    38 |    54 |   178 |   548 |   187 ||  1011
       Punch             |       |     1 |     6 |    10 |    48 |     9 ||    74
       Short sword       |       |       |       |       |  1198 |   578 ||  1776
Throw: Boomerang         |       |       |     3 |     1 |       |       ||     4
 Cast: Freeze            |    30 |       |     1 |     2 |    64 |       ||    97
       Frozen Ramparts   |       |     1 |     9 |    32 |    43 |    15 ||   100
       Ozocubu's Armour  |       |     1 |     8 |    32 |    61 |    16 ||   118
       Blink             |       |       |       |       |     1 |     3 ||     4
       Apportation       |       |       |       |       |       |     2 ||     2
Invok: Slouch            |       |       |       |       |     1 |     2 ||     3
       Step From Time    |       |       |       |       |       |     1 ||     1
Evoke: Wand              |       |       |     5 |     9 |     3 |     4 ||    21
       Box of beasts     |       |       |       |       |       |     1 ||     1
       Condenser vane    |       |       |       |       |       |     1 ||     1
  Use: Scroll            |     2 |       |    10 |    11 |    10 |     1 ||    34
       Potion            |       |       |       |     2 |     3 |     1 ||     6
 Stab: Sleeping          |     4 |    12 |    11 |     8 |    25 |     6 ||    66
       Paralysed         |       |       |       |     9 |    74 |     8 ||    91
       Distracted        |       |       |       |       |     6 |     3 ||     9
       Petrified         |       |       |       |       |     2 |       ||     2
Armor: Robe              |    21 |    38 |    83 |   188 |   396 |       ||   726
       Skin              |       |       |     1 |       |       |       ||     1
       Troll leather arm |       |       |       |       |    62 |   132 ||   194
Dodge: Dodged            |    92 |    84 |   167 |   319 |  1104 |   516 ||  2282
Block: Other             |    16 |    28 |    45 |    69 |   223 |    78 ||   459

Table legend: (Time is in decaauts)
 A = Elapsed time spent in this place.
 B = Non-inter-level travel time spent in this place.
 C = Inter-level travel time spent in this place.
 D = Time resting spent in this place.
 E = Time spent auto-exploring this place.
 F = Levels seen in this place.
 G = Mean time per level.
                   A        B        C        D        E       F      G
               +--------+--------+--------+--------+--------+-----+--------+
         Total |  39636 |  36918 |   2718 |   1492 |  28778 |  27 | 1468.0 |
       Dungeon |  20004 |  18149 |   1855 |    850 |  14371 |  15 | 1333.6 |
        Temple |    111 |     95 |     16 |      0 |     80 |   1 |  111.0 |
          Lair |  14592 |  13848 |    744 |    402 |  11104 |   6 | 2432.0 |
  Orcish Mines |   2466 |   2366 |    100 |      0 |   1672 |   2 | 1233.0 |
   Elven Halls |    637 |    637 |      0 |     58 |    387 |   1 |  637.0 |
        Bailey |   1109 |   1109 |      0 |    182 |    688 |   1 | 1109.0 |
      Gauntlet |    714 |    714 |      0 |      0 |    476 |   1 |  714.0 |
               +--------+--------+--------+--------+--------+-----+--------+

Top non-repeatable levels by time:
  Lair:5: 3238 daAuts
  Lair:6: 2753 daAuts
  Lair:1: 2475 daAuts
    D:12: 2468 daAuts
    D:11: 2182 daAuts
  Lair:3: 2150 daAuts
  Lair:4: 2084 daAuts
  Lair:2: 1890 daAuts
   Orc:2: 1626 daAuts
     D:6: 1553 daAuts
    D:14: 1541 daAuts
     D:5: 1514 daAuts
    D:10: 1452 daAuts
     D:8: 1438 daAuts
     D:1: 1336 daAuts
